 Dungeon Crawl Stone Soup version 0.27-a0-1081-ge8a0a9c698 (webtiles) character file.

Game seed: 635099772242485007

1 spiderkeys the Grasshopper (level 1, 0/12 HPs)
             Began as a Deep Elf Warper on Apr 26, 2021.
             Slain by a jackal (1 damage)
             ... on level 1 of the Dungeon.
             The game lasted 00:01:21 (62 turns).

spiderkeys the Grasshopper (Deep Elf Warper)          Turns: 62, Time: 00:01:21

Health: 0/12       AC:  3    Str:  8    XL:     1   Next: 16%
Magic:  6/6        EV: 12    Int: 17    God:
Gold:   10         SH:  0    Dex: 14    Spells: 6/6 levels left

rFire    . . .     SeeInvis .   a - +0 short sword
rCold    . . .     Faith    .   (no shield)
rNeg     . . .     Spirit   .   b - +0 leather armour
rPois    .         Reflect  .   (no helmet)
rElec    .         Harm     .   (no cloak)
rCorr    .         Rampage  .   (no gloves)
Will     .....                  (no boots)
Stlth    +.........             (no amulet)
HPRegen  0.04/turn              (no ring)
MPRegen  0.10/turn              (no ring)

@: no status effects
A: no striking features
a: no special abilities


You were on level 1 of the Dungeon.
You visited 1 branch of the dungeon, and saw 1 of its levels.

You collected 10 gold pieces.


   Skills:
 + Level 1.5 Fighting
 - Level 2.0 Short Blades
 + Level 1.0 Throwing
 - Level 0.7 Armour
 + Level 2.4 Dodging
 + Level 3.0 Spellcasting
 + Level 3.3 Translocations


You had 6 spell levels left.
You didn't know any spells.
Your spell library contained the following spells:

 Spells                   Type           Power      Damage    Failure   Level
 Blink                    Tloc           N/A        N/A       10%         2
 Gell's Gravitas          Tloc           6%         N/A       19%         3
 Lesser Beckoning         Tloc           6%         N/A       19%         3
 Teleport Other           Tloc           13%        N/A       19%         3
 Manifold Assault         Tloc           13%        N/A       87%         5

Inventory:

Hand Weapons
 a - a +0 short sword (weapon)
Missiles
 c - 28 stones (quivered)
Armour
 b - a +0 leather armour (worn)
Scrolls
 d - a scroll of blinking {!r}

Dungeon Overview and Level Annotations

Branches:
Dungeon (1/15)

Altars:

.........# #........
........$# #........
.........# #........
#........###........
................h...
##.............#.###
#........J....#.#
#.............#h#
#.............#@#
#...........Sh#h#
#...........†.#S###
+...........K.'K..#
.............#.#.#
.............#.#.#
######+#######.#+####
#.....#^.....#
#.....#......#


You could see 3 jackals, a ball python and a kobold.


Message History

You take 3 damage, and now have 9/12 hp.
MASSIVE DAMAGE!! (PAUSE)
You escape the ball python's grasp.
The jackal bites you but does no damage.
The endoplasm quivers.
The jackal closely misses you. The jackal closely misses you.
The jackal completely misses you. The jackal closely misses you.
The jackal bites you. 😮 HP[-2]
You take 2 damage, and now have 7/12 hp. 😮 HP[+1]
The jackal closely misses you. The jackal closely misses you.
The jackal pauses to sniff the ground.
The jackal bites you.
* * * LOW HITPOINT WARNING * * *
😨 HP[-2]
You take 2 damage, and now have 6/12 hp.
The jackal bites you.
* * * LOW HITPOINT WARNING * * *
There is an open door here. 😨 HP[-1]
You take 1 damage, and now have 5/12 hp.
The jackal closely misses you.
Really fire
e - 5 boomerangs of dispersal {=f!f}?
Unknown command.
Really fire
e - 5 boomerangs of dispersal {=f!f}?
Unknown command.
Really fire
e - 5 boomerangs of dispersal {=f!f}?
Unknown command.
Unknown command.
Unknown command.
Unknown command.
Unknown command.
Throw: 5 boomerangs (disperse) {=f!f}
Press: ? - help, Q - select action, (/) - cycle Shift-Dir - straight line, f - jackal
Aim: a jackal (50% to hit)
You throw a boomerang of dispersal {=f!f}.
The boomerang of dispersal {=f!f} hits the jackal.
The jackal blinks!
Unknown command.
Unknown command.
Throw: 4 boomerangs (disperse) {=f!f}
Press: ? - help, Q - select action, (/) - cycle Shift-Dir - straight line, f - jackal, p - jackal
Aim: a jackal (translocational energy, 50% to hit)
You throw a boomerang of dispersal {=f!f}.
The boomerang of dispersal {=f!f} barely misses the jackal.
The boomerang of dispersal {=f!f} hits the jackal but does no damage.
The jackal barely misses you. The jackal closely misses you.
The jackal bites you.
* * * LOW HITPOINT WARNING * * *
😨 HP[-1]
You take 1 damage, and now have 4/12 hp.
Throw: 3 boomerangs (disperse) {=f!f}
Press: ? - help, Q - select action, (/) - cycle Shift-Dir - straight line, f/p - jackal
Aim: a jackal (50% to hit)
You throw a boomerang of dispersal {=f!f}.
The boomerang of dispersal {=f!f} misses the jackal.
The boomerang of dispersal {=f!f} hits the jackal.
The jackal blinks!
The jackal misses you.
The jackal bites you but does no damage.
The jackal bites you.
* * * LOW HITPOINT WARNING * * *
The jackal bites you but does no damage. 😱 HP[-2]
You take 2 damage, and now have 2/12 hp.
Throw: 2 boomerangs (disperse) {=f!f}
Press: ? - help, Q - select action, (/) - cycle Shift-Dir - straight line, f - you, p - jackal That would be overly suicidal.
Okay, then.
Okay, then.
Throw: 2 boomerangs (disperse) {=f!f}
Press: ? - help, Q - select action, (/) - cycle Shift-Dir - straight line, f - jackal
Aim: a jackal (lightly wounded, 50% to hit)
You throw a boomerang of dispersal {=f!f}.
The boomerang of dispersal {=f!f} closely misses the jackal.
The boomerang of dispersal {=f!f} closely misses the jackal.
The jackal bites you but does no damage.
The jackal closely misses you. The jackal bites you.
* * * LOW HITPOINT WARNING * * *
😱 HP[-1]
You take 1 damage, and now have 1/12 hp.
You don't have any such object.
Fire/throw which item? (* to show all) (? for menu, Esc to quit)
Huh?
Fire/throw which item? (* to show all) (? for menu, Esc to quit)
Okay, then.
Really fire
e - a boomerang of dispersal {=f!f}?
There are monsters nearby!
Throw: boomerang (disperse) {=f!f}
Press: ? - help, Shift-Dir - straight line, f/p - jackal
Aim: a jackal (lightly wounded, 50% to hit)
You throw a boomerang of dispersal {=f!f}.
The boomerang of dispersal {=f!f} hits the jackal.
The jackal blinks!
The jackal misses you. The jackal closely misses you. x2
You hit the jackal but do no damage. The jackal bites you.
You die...

Action                   || total
-------------------------++-------
Melee: Short sword       ||     5
Throw: Boomerang         ||     5
Armor: Leather armour    ||     5
Dodge: Dodged            ||    19

Levels and vault maps discovered:
D:1:      minmay_arrival_checkered_box, layout_basic,
          chequers_ecumenical_altar_grove, corexii_hall_statues_i,
          amcnicky_mini_rare_corridor_liquid, corner_web_ring

Notes
Turn   | Place    | Note
-------+----------+-------------------------------------------
     0 | D:1      | spiderkeys the Deep Elf Warper began the quest for the Orb.
     0 | D:1      | Reached XP level 1. HP: 12/12 MP: 6/6
     0 | D:1      | magus.rc [v1.9.10]
    59 | D:1      | HP: 2/12 [jackal (2)]
    62 | D:1      | Slain by a jackal

Vanquished Creatures
  2 rats (D:1)
2 creatures vanquished.

Table legend:
 A = Non-vault XP
 B = Vault XP
 C = Vault XP percentage of total XP
 D = Non-vault monster count
 E = Vault monster count
 F = Vault count percentage of total count
                 A         B        C        D         E       F
            +---------+---------+-------+---------+---------+-------
      Total |       2 |       0 |   0.0 |       2 |       0 |   0.0
            +---------+---------+-------+---------+---------+-------
        D:1 |       2 |       0 |   0.0 |       2 |       0 |   0.0
            +---------+---------+-------+---------+---------+-------

Illustrated notes

Table legend:
 A = Kills in this place as a percentage of kills in entire the game.
 B = Kills by you in this place as a percentage of kills by you in the entire game.
 C = Kills by friends in this place as a percentage of kills by friends in the entire game.
 D = Other kills in this place as a percentage of other kills in the entire game.
 E = Experience gained in this place as a percentage of experience gained in the entire game.
 F = Experience gained in this place divided by the number of levels of this place that you have seen.
                   A       B       C       D       E      F
               +-------+-------+-------+-------+-------+----------------------
         Total | 100.0 | 100.0 |   N/A |   N/A | 100.0 |   2.0
       Dungeon | 100.0 | 100.0 |   N/A |   N/A | 100.0 |   2.0
               +-------+-------+-------+-------+-------+----------------------

Table legend: (Time is in decaauts)
 A = Elapsed time spent in this place.
 B = Non-inter-level travel time spent in this place.
 C = Inter-level travel time spent in this place.
 D = Time resting spent in this place.
 E = Time spent auto-exploring this place.
 F = Levels seen in this place.
 G = Mean time per level.
                   A        B        C        D        E       F      G
               +--------+--------+--------+--------+--------+-----+--------+
         Total |     63 |     63 |      0 |      0 |     29 |   1 |   63.0 |
       Dungeon |     63 |     63 |      0 |      0 |     29 |   1 |   63.0 |
               +--------+--------+--------+--------+--------+-----+--------+

Top non-repeatable levels by time:
     D:1: 63 daAuts
